 Dungeon Crawl Stone Soup version 0.22-a0-480-g991dd4b (webtiles) character file.

6107 galech the Basher (level 10, -9/166 HPs)
             Began as an Ogre Berserker on June 15, 2018.
             Was a High Priest of Trog.
             Mangled by a seven-headed hydra (10 damage)
             ... on level 1 of the Lair of Beasts.
             The game lasted 00:15:10 (10085 turns).

galech the Basher (Ogre Berserker)                 Turns: 10085, Time: 00:15:10

Health: -9/166     AC: 12    Str: 31    XL:     10   Next: 89%
Magic:  10/10      EV: 12    Int:  8    God:    Trog [*****.]
Gold:   642        SH:  0    Dex:  8    Spells: 9/9 levels left

rFire    + . .     SeeInvis .   u - +2 mace (protect)
rCold    + . .     Gourm    .   (no shield)
rNeg     . . .     Faith    +   b - +0 animal skin
rPois    +         Spirit   .   (helmet restricted)
rElec    .         Reflect  .   J - +1 cloak {rPois}
rCorr    .         Harm     .   (gloves unavailable)
MR       +....                  (boots unavailable)
Stlth    ..........             C - amulet of faith
HPRegen  0.37/turn              A - ring of protection from cold
MPRegen  0.12/turn              f - ring of protection from fire

@: berserking (expiring), protection aura, very quick
A: large, unfitting armour, tough skin 1
a: Berserk, Trog's Hand, Brothers in Arms, Renounce Religion


You were on level 1 of the Lair of Beasts.
You worshipped Trog.
Trog was extremely pleased with you.
You were not hungry.

You visited 2 branches of the dungeon, and saw 11 of its levels.

You collected 642 gold pieces.

Inventory:

Hand Weapons
 u - a +2 mace of protection (weapon)
 Q - a +1 whip of venom
Armour
 b - a +0 animal skin (worn)
 J - a +1 cloak of poison resistance (worn)
Jewellery
 a - an uncursed ring of protection from magic
 f - a ring of protection from fire (right hand)
 i - an uncursed ring of positive energy
 A - a ring of protection from cold (left hand)
 C - an amulet of faith (around neck)
 E - an uncursed amulet of rage {unknown}
 H - an uncursed ring of positive energy
Wands
 s - a wand of clouds (4)
 y - a wand of paralysis (15)
 I - a wand of iceblast (12)
 K - a wand of disintegration (11)
 M - a wand of polymorph (14)
 N - a wand of random effects (30)
 O - a wand of digging (31)
Scrolls
 d - 10 scrolls of remove curse
 e - a scroll of immolation
 j - 3 scrolls of teleportation
 k - 2 scrolls of noise
 n - 3 scrolls of fear {unknown}
 q - 2 scrolls of identify
 r - a scroll of fog {unknown}
 t - 2 scrolls of blinking {unknown}
 w - 6 scrolls of magic mapping {unknown}
 x - 3 scrolls of enchant weapon
 B - a scroll of random uselessness {unknown}
 G - 3 scrolls of amnesia {unknown}
 L - 2 scrolls of enchant armour {unknown}
Potions
 g - 8 potions of curing
 h - 2 potions of cancellation {unknown}
 l - a potion of heal wounds {unknown}
 m - 3 potions of degeneration {unknown}
 o - a potion of magic {unknown}
 p - 2 potions of brilliance {unknown}
 v - 2 potions of agility {unknown}
 z - 2 potions of berserk rage {unknown}
 D - 2 potions of might {unknown}
 F - 2 potions of lignification {unknown}
Miscellaneous
 P - a box of beasts
Comestibles
 c - 16 rations


   Skills:
 + Level 10.6 Fighting
 + Level 10.8 Maces & Flails
 + Level 7.9 Dodging
 + Level 1.7 Stealth


You had 9 spell levels left.
You didn't know any spells.
Your spell library was empty.

Dungeon Overview and Level Annotations

Branches:
Dungeon (10/15)            Temple (0/1) D:5            Lair (1/6) D:9
    Orc: D:9-12

Altars:
Dithmenos
Fedhas
Gozag
Kikubaaqudgha
Vehumet
Yredelemnul
Zin

Shops:
D:4 *   D:5 %


Innate Abilities, Weirdness & Mutations

You are too large for most types of armour.
You have tough skin. (AC +1)


Message History

* * * LOW HITPOINT WARNING * * *
The seven-headed hydra bites you!
* * * LOW HITPOINT WARNING * * *
The seven-headed hydra bites you.
* * * LOW HITPOINT WARNING * * *
The seven-headed hydra bites you.
* * * LOW HITPOINT WARNING * * *
The seven-headed hydra barely misses you.
The seven-headed hydra bites you!
* * * LOW HITPOINT WARNING * * *
You bludgeon the seven-headed hydra!!
The seven-headed hydra is heavily wounded.
The seven-headed hydra barely misses you.
The seven-headed hydra misses you.
The seven-headed hydra bites you but does no damage. x2
The seven-headed hydra bites you!
* * * LOW HITPOINT WARNING * * *
The seven-headed hydra bites you but does no damage.
The seven-headed hydra bites you!
You die...

..... ### ....#
#.###....#
##.####.......#
..............## .
#.P##.<......P#..
#.................
..............P.#
#.....#.##@...##.
##....####D.......
...... ##.......
##.$. ....... ##..
....... ...#P..
...##.. .... ..


You could see a seven-headed hydra.

Vanquished Creatures
  A two-headed ogre (D:10)
  Maurice (D:8)
  The ghost of ThereIsNoGod the Ruffian, an amateur DrTm (D:3)
  A hornet (D:10)
  A hippogriff (D:7)
  2 hungry ghosts
  3 orc warriors
  An ice beast (D:9)
  5 phantoms
  A black bear (D:8)
  6 centaurs
  7 ogres
  3 bullfrogs
  A wyvern skeleton (D:7)
  3 scorpions
  5 killer bees (D:8)
  7 wights
  3 howler monkeys (D:10)
  3 crimson imps
  2 jellies
  A quasit (D:5)
  A hound (D:10)
  4 orc priests
  A centaur skeleton (D:7)
  A gnoll shaman (D:6)
  Ijyb (D:5)
  Terence (D:3)
  2 iguanas
  10 orc wizards
  7 worker ants
  3 worker ant zombies
  12 gnolls
  5 adders
  5 shadow imps
  2 oozes
  An adder skeleton (D:7)
  2 adder zombies
  A worm (D:3)
  4 dart slugs
  6 leopard geckos
  35 orcs
  8 bats
  8 giant cockroaches
  5 goblins
  9 hobgoblins
  18 jackals
  8 kobolds
  A quokka (D:6)
  3 ball pythons
  4 frilled lizards
  A leopard gecko skeleton (D:7)
  2 quokka skeletons
  A quokka zombie (D:5)
  6 rats
236 creatures vanquished.

Notes
Turn   | Place    | Note
-------+----------+-------------------------------------------
     0 | D:1      | galech the Ogre Berserker began the quest for the Orb.
     0 | D:1      | Reached XP level 1. HP: 24/24 MP: 1/1
    90 | D:1      | Reached XP level 2. HP: 17/33 MP: 2/2
   176 | D:1      | Reached XP level 3. HP: 21/40 MP: 3/3
   723 | D:1      | Reached ** piety under Trog
   836 | D:2      | Reached skill level 5 in Fighting
   915 | D:2      | Reached XP level 4. HP: 48/50 MP: 4/4
  1553 | D:3      | Found a glowing silver altar of Zin.
  1553 | D:3      | Found an ancient bone altar of Kikubaaqudgha.
  1553 | D:3      | Found a basalt altar of Yredelemnul.
  1580 | D:3      | Reached XP level 5. HP: 39/57 MP: 5/5
  1706 | D:3      | Reached *** piety under Trog
  2248 | D:3      | Noticed ThereIsNoGod's ghost (amateur DrTm)
  2270 | D:3      | Killed ThereIsNoGod's ghost
  2270 | D:3      | Reached XP level 6. HP: 37/67 MP: 6/6
  2416 | D:3      | Noticed Terence
  2423 | D:3      | Killed Terence
  2423 | D:3      | Reached skill level 5 in Maces & Flails
  2814 | D:4      | Noticed a phantom
  2849 | D:4      | Killed a phantom
  2849 | D:4      | Reached XP level 7. HP: 38/76 MP: 7/7
  3401 | D:4      | Found a radiant altar of Vehumet.
  3438 | D:4      | Reached XP level 8. HP: 29/84 MP: 8/8
  3542 | D:4      | Found Waiwneshro's General Store.
  3568 | D:4      | Reached skill level 5 in Dodging
  3630 | D:4      | Found an opulent altar of Gozag.
  3730 | D:4      | Found a blossoming altar of Fedhas.
  3733 | D:4      | Found a shadowy altar of Dithmenos.
  3842 | D:5      | Entered Level 5 of the Dungeon
  3852 | D:5      | Reached **** piety under Trog
  4017 | D:5      | Reached skill level 1 in Stealth
  4095 | D:5      | Found a staircase to the Ecumenical Temple.
  4121 | D:5      | Found Usiyz's Food Shoppe.
  4268 | D:5      | Noticed Ijyb
  4275 | D:5      | Killed Ijyb
  5058 | D:6      | Reached XP level 9. HP: 91/96 MP: 9/9
  5741 | D:6      | Reached ***** piety under Trog
  6807 | D:8      | Noticed Maurice
  6819 | D:8      | Killed Maurice
  6819 | D:8      | Reached XP level 10. HP: 107/107 MP: 10/10
  7353 | D:8      | Received a gift from Trog
  7932 | D:9      | Reached skill level 10 in Fighting
  8018 | D:9      | Reached skill level 10 in Maces & Flails
  8328 | D:9      | Found a staircase to the Lair.
  8636 | D:10     | Entered Level 10 of the Dungeon
  8644 | D:10     | Noticed a two-headed ogre
  8660 | D:10     | Killed a two-headed ogre
  8668 | D:10     | Identified the Collected Works on Envenoming and Darkness
 10073 | Lair:1   | Entered Level 1 of the Lair of Beasts
 10073 | Lair:1   | Noticed a seven-headed hydra
 10085 | Lair:1   | HP: 1/166 [seven-headed hydra (12)]
 10085 | Lair:1   | Mangled by a seven-headed hydra

Vault maps used:
D:1:      onia_arrival_mini_spirals
D:3:      gammafunk_temple_overflow_forgotten, first_ration,
          minmay_shallow_snake_nest, uniq_terence
D:4:      minitemple, overflow_temple_1_default, serial_shops, shop,
          grunt_gozag_breadcrumbs
D:5:      minmay_temple_entry_glass, serial_shops, shop, uniq_ijyb
D:8:      uniq_maurice
D:9:      lair_entry_dummy
D:10:     serial_co_window_serial, co_window_paths_b, co_window_paths_a,
          co_window_corner_a, co_window_of_opportunity_a, co_window_paths_a,
          co_window_corner_cb, co_window_paths_c, co_window_unsneaky_path_e,
          co_window_4corner_b, co_window_4corner_a, glass_columns_c,
          glass_columns_b, glass_columns_a, glass_columns_b, glass_columns_b,
          basic_loot_grate_trap
Lair:1:   statuecave_lemuel

Skill      XL: |  1  2  3  4  5  6  7  8  9 10 |
---------------+-------------------------------+-----
Maces & Flails | 3 4 5 6 7 9 10 | 10.8
Dodging        | 3 4 6 7 |  7.9
Fighting       | 5 6 7 9 10 | 10.6
Stealth        | 1 |  1.7

Action                   |  1- 3 |  4- 6 |  7- 9 | 10-12 || total
-------------------------+-------+-------+-------+-------++-------
Melee: Mace              |    85 |   236 |   456 |   231 ||  1008
Invok: Berserk           |     1 |     4 |     8 |     4 ||    17
       Trog's Hand       |       |       |     1 |     1 ||     2
Evoke: Wand              |       |       |       |     1 ||     1
  Use: Scroll            |       |       |     5 |       ||     5
 Stab: Sleeping          |       |       |       |     1 ||     1
  Eat: Chunk             |     1 |     7 |    24 |     8 ||    40
       Ration            |       |     1 |     1 |     3 ||     5
Armor: Animal skin       |    40 |    62 |   178 |    90 ||   370
Dodge: Dodged            |    62 |   136 |   259 |   143 ||   600

Table legend:
 A = Spawn XP
 B = Non-spawn XP
 C = Spawn XP percentage of total XP
 D = Spawn monster count
 E = Non-spawn monster count
 F = Spawn count percentage of total count
 G = Total turns spent on level
                    A         B        C        D         E        F      G
               +---------+---------+-------+---------+---------+-------+---------
         Total |       0 |    8725 |   0.0 |       0 |     236 |   0.0 | 10085
               +---------+---------+-------+---------+---------+-------+---------
           D:1 |       0 |      66 |   0.0 |       0 |      28 |   0.0 |   822
           D:2 |       0 |      52 |   0.0 |       0 |      19 |   0.0 |   660
           D:3 |       0 |     496 |   0.0 |       0 |      43 |   0.0 |  1332
           D:4 |       0 |     710 |   0.0 |       0 |      15 |   0.0 |  1028
           D:5 |       0 |     542 |   0.0 |       0 |      18 |   0.0 |   802
           D:6 |       0 |    1172 |   0.0 |       0 |      38 |   0.0 |  1287
           D:7 |       0 |    1262 |   0.0 |       0 |      26 |   0.0 |   952
           D:8 |       0 |    1352 |   0.0 |       0 |      17 |   0.0 |   909
           D:9 |       0 |    1123 |   0.0 |       0 |      17 |   0.0 |   858
          D:10 |       0 |    1950 |   0.0 |       0 |      15 |   0.0 |  1423
               +---------+---------+-------+---------+---------+-------+---------
